General information
- name: BNet
- type: Ladder team game (AT/RT)
- host: Battle.net
- saver: LivingStrong
map: GnollWood
- players: 6
- length: 13:21
- speed: Fast
- version: 1.24 W3XP
- replay type: Public
» download(103 KB)
Players
team 1 (winner)
LivingStrong (
blue | 110 APM | 1473 actions | 13:21)
3 Keeper of the Grove
2 Entangling Roots
1 Thorns Aura
» actions
| Assign group hotkey | 66 | |
| Basic commands | 2 | |
| Build / train | 46 | |
| ESC pressed | 6 | |
| Enter build submenu | 9 | |
| Enter hero's abilities submenu | 3 | |
| Right click | 843 | |
| Select / deselect | 123 | |
| Select group hotkey | 340 | |
| Use ability | 35 | |
1473 total
» units
» upgrades
| Strength of the Moon | 1 | |
| Ultravision | 2 | |
| Moon Armor | 1 | |
4 total
» buildings
| Altar of Elders | 1 | |
| Moon Well | 5 | |
| Ancient of War | 2 | |
| Hunter's Hall | 1 | |
9 total
» build order
00:08 Altar of Elders
00:17 Moon Well
01:46 Ancient of War
01:48 Hunter's Hall
02:09 Ancient of War
02:25 Moon Well
02:26 Moon Well
03:31 Moon Well
04:59 Moon Well
theSean (
purple | 92 APM | 1222 actions | 13:20)
4 Death Knight
2 Death Coil
2 Unholy Aura
2 Lich
1 Frost Nova
1 Frost Armor
2 Crypt Lord
1 Impale
1 Spiked Carapace
» actions
| Assign group hotkey | 60 | |
| Basic commands | 62 | |
| Build / train | 42 | |
| Enter build submenu | 11 | |
| Enter hero's abilities submenu | 8 | |
| Give item / drop item | 4 | |
| Right click | 367 | |
| Select / deselect | 154 | |
| Select group hotkey | 454 | |
| Use ability | 60 | |
1222 total
» units
| Acolyte | 2 | |
| Ghoul | 1 | |
| Crypt Fiend | 8 | |
| Frost Wyrm | 4 | |
15 total
» upgrades
| Creature Attack | 2 | |
| Burrow | 1 | |
| Creature Carapace | 2 | |
5 total
» buildings
| Graveyard | 1 | |
| Crypt | 1 | |
| Altar of Darkness | 1 | |
| Ziggurat | 7 | |
| Tomb of Relics | 1 | |
| Halls of the Dead | 1 | |
| Black Citadel | 1 | |
| Sacrificial Pit | 1 | |
| Boneyard | 3 | |
17 total
» build order
00:09 Graveyard
00:12 Crypt
00:18 Altar of Darkness
00:29 Ziggurat
00:46 Tomb of Relics
01:49 Ziggurat
03:43 Halls of the Dead
04:00 Ziggurat
04:38 Ziggurat
06:15 Black Citadel
06:44 Sacrificial Pit
08:39 Boneyard
08:40 Boneyard
08:41 Boneyard
08:46 Ziggurat
08:48 Ziggurat
08:50 Ziggurat
» items
| Rod of Necromancy | 2 | |
| Scroll of Healing | 2 | |
| Potion of Lesser Invulnerability | 1 | |
| Scroll of Protection | 1 | |
| Orb of Corruption | 1 | |
| Scroll of Town Portal | 2 | |
9 total
TheyCallMeGreat (
green | 96 APM | 1286 actions | 13:20)
2 Priestess of the Moon
1 Searing Arrows
1 Trueshot Aura
» actions
| Assign group hotkey | 334 | |
| Basic commands | 117 | |
| Build / train | 50 | |
| Enter build submenu | 9 | |
| Enter hero's abilities submenu | 2 | |
| Right click | 583 | |
| Select / deselect | 127 | |
| Select group hotkey | 46 | |
| Use ability | 18 | |
1286 total
» units
» upgrades
| Strength of the Moon | 1 | |
| Moon Armor | 1 | |
2 total
» buildings
| Altar of Elders | 1 | |
| Moon Well | 4 | |
| Hunter's Hall | 1 | |
| Ancient of War | 3 | |
9 total
» build order
00:04 Altar of Elders
00:05 Moon Well
01:41 Hunter's Hall
02:18 Ancient of War
02:30 Ancient of War
03:21 Moon Well
03:31 Moon Well
03:36 Moon Well
12:06 Ancient of War
team 2 (loser)

»
CrEePiNinYoHoOD (
orange | 47 APM | 626 actions | 13:12)
2 Mountain King
1 Storm Bolt
1 Bash
2 Paladin
1 Holy Light
1 Divine Shield
» actions
| Assign group hotkey | 13 | |
| Basic commands | 2 | |
| Build / train | 45 | |
| Enter build submenu | 20 | |
| Enter hero's abilities submenu | 4 | |
| Right click | 320 | |
| Select / deselect | 122 | |
| Select group hotkey | 61 | |
| Use ability | 39 | |
626 total
» units
| Peasant | 10 | |
| Footman | 9 | |
| Sorceress | 3 | |
| Spell Breaker | 3 | |
25 total
» upgrades
| Defend | 1 | |
| Plating | 2 | |
| Animal War Training | 1 | |
4 total
» buildings
| Altar of Kings | 1 | |
| Farm | 10 | |
| Barracks | 1 | |
| Scout Tower | 1 | |
| Arcane Vault | 1 | |
| Arcane Tower | 1 | |
| Keep | 1 | |
| Lumber Mill | 1 | |
| Blacksmith | 1 | |
| Arcane Sanctum | 2 | |
| Castle | 1 | |
| Gryphon Aviary | 1 | |
22 total
» build order
00:05 Altar of Kings
00:07 Farm
00:45 Farm
00:57 Barracks
01:32 Scout Tower
01:57 Arcane Vault
02:13 Farm
02:29 Arcane Tower
02:47 Farm
02:51 Farm
03:00 Farm
03:55 Keep
04:45 Lumber Mill
04:48 Blacksmith
05:37 Farm
06:14 Farm
07:48 Arcane Sanctum
07:54 Arcane Sanctum
07:56 Castle
08:00 Farm
10:03 Farm
12:24 Gryphon Aviary
» items
| Potion of Lesser Invulnerability | 1 | |
| Scroll of Protection | 1 | |
| Scroll of Healing | 1 | |
| Scroll of Regeneration | 1 | |
| Orb of Fire | 1 | |
| Scroll of Town Portal | 1 | |
6 total
Jok.eR (
yellow | 123 APM | 1637 actions | 13:20)
2 Archmage
1 Summon Water Elemental
1 Brilliance Aura
1 Paladin
1 Holy Light
» actions
| Assign group hotkey | 22 | |
| Basic commands | 6 | |
| Build / train | 51 | |
| ESC pressed | 1 | |
| Enter build submenu | 24 | |
| Enter hero's abilities submenu | 3 | |
| Right click | 630 | |
| Select / deselect | 377 | |
| Select group hotkey | 481 | |
| Use ability | 42 | |
1637 total
» units
| Peasant | 11 | |
| Rifleman | 12 | |
| Mortar Team | 3 | |
| Crypt Fiend | 1 | |
| Obsidian Statue | 1 | |
28 total
» upgrades
| Gunpowder | 2 | |
| Long Rifles | 1 | |
| Armor | 1 | |
| Fragmentation Shards | 1 | |
5 total
» buildings
| Altar of Kings | 1 | |
| Farm | 8 | |
| Blacksmith | 1 | |
| Barracks | 2 | |
| Scout Tower | 2 | |
| Arcane Tower | 1 | |
| Lumber Mill | 1 | |
| Guard Tower | 1 | |
| Keep | 1 | |
| Workshop | 2 | |
| Castle | 4 | |
24 total
» build order
00:08 Altar of Kings
00:18 Farm
00:42 Blacksmith
00:56 Farm
01:28 Farm
01:50 Barracks
01:56 Scout Tower
02:28 Farm
02:31 Arcane Tower
03:29 Barracks
03:48 Lumber Mill
04:38 Scout Tower
05:02 Farm
05:28 Guard Tower
05:46 Keep
05:49 Farm
07:13 Farm
09:51 Workshop
09:54 Workshop
09:56 Castle
09:56 Castle
09:56 Castle
10:24 Farm

»
x)1.o- (
teal | 75 APM | 970 actions | 12:55)
3 Death Knight
2 Death Coil
1 Unholy Aura
2 Lich
1 Frost Nova
1 Frost Armor
» actions
| Assign group hotkey | 52 | |
| Basic commands | 146 | |
| Build / train | 38 | |
| Enter build submenu | 9 | |
| Enter hero's abilities submenu | 5 | |
| Give item / drop item | 3 | |
| Remove unit from queue | 1 | |
| Right click | 205 | |
| Select / deselect | 186 | |
| Select group hotkey | 261 | |
| Use ability | 64 | |
970 total
» units
| Acolyte | 2 | |
| Ghoul | 1 | |
| Crypt Fiend | 11 | |
| Obsidian Statue | 1 | |
15 total
» upgrades
| Creature Attack | 1 | |
| Burrow | 1 | |
| Web | 1 | |
3 total
» buildings
| Graveyard | 1 | |
| Crypt | 1 | |
| Altar of Darkness | 1 | |
| Ziggurat | 4 | |
| Tomb of Relics | 1 | |
| Nerubian Tower | 2 | |
| Halls of the Dead | 2 | |
| Slaughterhouse | 1 | |
13 total
» build order
00:13 Graveyard
00:17 Crypt
00:46 Altar of Darkness
01:03 Ziggurat
01:26 Tomb of Relics
02:04 Nerubian Tower
02:04 Nerubian Tower
02:41 Ziggurat
04:37 Halls of the Dead
04:38 Halls of the Dead
04:59 Ziggurat
07:45 Slaughterhouse
07:47 Ziggurat
» items
| Rod of Necromancy | 2 | |
| Scroll of Town Portal | 2 | |
| Potion of Healing | 2 | |
| Potion of Lesser Invulnerability | 1 | |
| Scroll of Healing | 1 | |
8 total
Chat log
(00:21 / Allies) TheyCallMeGreat: u scout
(00:22 / Allies) TheyCallMeGreat: cuz ur black
(00:23 / Allies) theSean: lol ive beat teal in solo twice
(00:24 / Allies) LivingStrong: your closer
(00:24 / Allies) LivingStrong: lol
(00:27 / Allies) TheyCallMeGreat: no
(00:27 / Allies) TheyCallMeGreat: u
(00:29 / All) theSean: hi
(00:33 / Allies) TheyCallMeGreat: fag
(00:34 / All) x)1.o-: u shut up
(00:35 / All) theSean: hi
(00:37 / All) theSean: WTF
(00:38 / Allies) LivingStrong: r they good
(00:39 / All) x)1.o-: ghey
(00:40 / All) theSean: teal i 2-0 u
(00:41 / All) theSean: newb
(00:46 / Allies) LivingStrong: hes 10-74 pro1 LOL
(00:51 / Allies) TheyCallMeGreat: wo
(00:51 / Allies) TheyCallMeGreat: w
(00:52 / Allies) theSean: pro1 is hard though
(00:52 / Allies) theSean: lol
(00:53 / All) x)1.o-: wasnt talking to u sry
(01:02 / All) theSean: ;D
(01:04 / Allies) LivingStrong: hes good
(01:04 / Allies) LivingStrong: :o
(01:08 / All) theSean: inception is amazing
(01:10 / All) theSean: go see it
(01:14 / All) TheyCallMeGreat: no
(01:17 / Allies) LivingStrong: rap him
(01:18 / Allies) LivingStrong: rape
(01:21 / Allies) TheyCallMeGreat: rap
(01:22 / Allies) TheyCallMeGreat: lets rap
(01:24 / Allies) TheyCallMeGreat: on him
(01:25 / Allies) TheyCallMeGreat: :O
(01:31 / All) TheyCallMeGreat: GUYS IMA SAVE 225 WOOD
(01:32 / All) TheyCallMeGreat: KK
(01:33 / All) theSean: ;d
(01:42 / All) theSean: if he does i stab fyi
(01:43 / All) theSean: ;d
(01:49 / All) TheyCallMeGreat: D:
(01:51 / Allies) TheyCallMeGreat: wtf
(01:53 / Allies) TheyCallMeGreat: altar
(01:54 / Allies) TheyCallMeGreat: so farr
(01:55 / Allies) TheyCallMeGreat: out
(01:57 / All) theSean: teal
(01:58 / All) theSean: u dont ud
(02:00 / All) theSean: do you
(02:04 / All) TheyCallMeGreat: nope
(02:14 / All) x)1.o-: i suck at this game period
(02:16 / Allies) theSean: what are races?
(02:19 / Allies) LivingStrong: hu hu ud
(02:19 / All) theSean: i know bra
(02:20 / Allies) LivingStrong: u cant see?
(02:25 / Allies) theSean: 2 lazy
(02:30 / Allies) LivingStrong: sean
(02:31 / Allies) LivingStrong: micro for me
(02:32 / Allies) LivingStrong: 2 lazy
(02:33 / All) x)1.o-: i cant sit on wc 12 hours a day like some people
(02:34 / Allies) theSean: k
(02:35 / Allies) LivingStrong: theres my hero
(02:39 / Allies) TheyCallMeGreat: lol
(02:47 / Allies) LivingStrong: kill the dumb am
(02:50 / All) x)1.o-: so my skill never excells
(02:51 / Allies) LivingStrong: STOp
(02:53 / Allies) LivingStrong: IM USING MYKOTG
(02:53 / Allies) LivingStrong: NIGGER
(02:57 / Allies) TheyCallMeGreat: LOL
(02:58 / Allies) LivingStrong: WOW
(02:59 / Allies) theSean: retard
(03:00 / Allies) theSean: lmao
(03:00 / Allies) TheyCallMeGreat: WOW
(03:01 / Allies) TheyCallMeGreat: FAIL
(03:02 / Allies) theSean: u did it not me
(03:10 / Allies) theSean: plz let me use next time
(03:11 / Allies) theSean: lol
(03:19 / Allies) theSean: ;D
(03:26 / Allies) LivingStrong: am + peasant
(03:27 / Allies) LivingStrong: lol
(03:32 / Allies) LivingStrong: not bad
(03:34 / Allies) LivingStrong: f u sean
(03:34 / Allies) theSean: wood
(03:34 / Allies) LivingStrong: LOL
(03:43 / Allies) TheyCallMeGreat: is sean
(03:44 / Allies) TheyCallMeGreat: pro sauce?
(03:46 / All) x)1.o-: go where
(03:49 / Allies) LivingStrong: hes pretty decent
(03:49 / All) TheyCallMeGreat: LOL
(03:50 / All) TheyCallMeGreat: MH
(03:51 / Allies) theSean: fo sho
(03:52 / All) TheyCallMeGreat: GO WHERE?
(03:53 / All) TheyCallMeGreat: ROFL
(03:54 / All) TheyCallMeGreat: MH
(04:06 / All) x)1.o-: thats maphack?
(04:07 / Allies) LivingStrong: lets rape him
(04:10 / All) TheyCallMeGreat: u ask him
(04:11 / All) TheyCallMeGreat: gowhere
(04:12 / All) TheyCallMeGreat: mh mh
(04:13 / Allies) LivingStrong: wtf 3 moonwells at one?
(04:14 / Allies) LivingStrong: once*
(04:15 / All) x)1.o-: he sais lets go
(04:16 / Allies) TheyCallMeGreat: :D
(04:17 / All) x)1.o-: u idiot
(04:18 / Allies) LivingStrong: why
(04:19 / Allies) LivingStrong: lol
(04:22 / All) theSean: wtf
(04:23 / Allies) TheyCallMeGreat: cuz im pro
(04:23 / All) theSean: Leave
(04:37 / Allies) TheyCallMeGreat: sexy
(04:38 / Allies) TheyCallMeGreat: ass
(04:40 / Allies) TheyCallMeGreat: moonwellss
(04:57 / All) theSean: lol
(05:03 / All) x)1.o-: thinkso
(05:06 / All) theSean: race up pros
(05:13 / All) TheyCallMeGreat: fAG
(05:21 / All) Jok.eR: fuckin noob queers
(05:24 / All) theSean: lol
(05:28 / All) TheyCallMeGreat: ur mom
(05:29 / Allies) theSean: expo
(05:31 / Allies) theSean: if u want it
(05:36 / Allies) TheyCallMeGreat: get it dennis
(05:41 / All) LivingStrong: fiend down
(05:49 / All) TheyCallMeGreat: two
(05:50 / All) TheyCallMeGreat: fiends
(05:54 / All) x)1.o-: creep i need help
(06:08 / Allies) LivingStrong: im going here
(06:09 / Allies) theSean: 100 g 100 wood
(06:16 / Allies) theSean: ty
(06:18 / Allies) LivingStrong: <3
(06:24 / All) theSean: im lvl 5
(06:32 / All) TheyCallMeGreat: roflll
(06:43 / Allies) TheyCallMeGreat: his base
(06:44 / Allies) TheyCallMeGreat: is so
(06:45 / Allies) TheyCallMeGreat: gay
(06:50 / Allies) TheyCallMeGreat: b
(06:52 / Allies) LivingStrong: im raping him
(06:59 / Allies) LivingStrong: b
(07:00 / Allies) LivingStrong: teal tped
(07:08 / Allies) LivingStrong: why u feed me
(07:09 / Allies) LivingStrong: noob
(07:11 / Allies) TheyCallMeGreat: LOL
(07:14 / Allies) TheyCallMeGreat: cuz ur black
(07:15 / Allies) TheyCallMeGreat: :/
(07:21 / Allies) theSean: lets
(07:21 / Allies) theSean: end
(07:22 / Allies) theSean: this
(07:45 / Allies) LivingStrong: come sean
(07:51 / Allies) theSean: omw
(08:02 / All) theSean: my lich is stacked
(08:05 / Allies) LivingStrong: dont fight there
(08:08 / All) TheyCallMeGreat: holy shit
(08:11 / All) TheyCallMeGreat: it is
(08:14 / All) LivingStrong: LMAO
(08:20 / Allies) LivingStrong: buy scroll
(08:21 / Allies) LivingStrong: 100g
(08:22 / All) theSean: my lich > bm
(08:25 / Allies) theSean: i got scrolls
(08:27 / Allies) theSean: nigga
(08:27 / Allies) LivingStrong: k
(08:49 / All) LivingStrong: nice base bro
(08:52 / Allies) LivingStrong: in
(09:13 / Allies) TheyCallMeGreat: LOLL
(09:13 / Allies) LivingStrong: SEAN
(09:21 / Allies) theSean: ?
(09:25 / Allies) LivingStrong: i lost all
(09:26 / Allies) LivingStrong: ..
(09:28 / Allies) LivingStrong: sean wtf are u doing
(09:33 / Allies) TheyCallMeGreat: STOP
(09:34 / Allies) TheyCallMeGreat: HERO
(09:35 / Allies) TheyCallMeGreat: AIMIGNG
(09:38 / Allies) LivingStrong: sean wtf are u diong
(09:39 / Allies) theSean: back up then retards
(09:46 / Allies) LivingStrong: why are u attacking buildings
(09:47 / Allies) theSean: ur all cramped
(09:49 / Allies) theSean: inbetween buildings
(09:52 / Allies) theSean: i cant hit anything else
(09:58 / Allies) TheyCallMeGreat: WOW
(09:59 / Allies) LivingStrong: we lost idiot
(10:01 / Allies) TheyCallMeGreat: -.-
(10:02 / Allies) theSean: we lost
(10:03 / Allies) theSean: lmao
(10:05 / Allies) theSean: sure
(10:06 / Allies) theSean: retard
(10:06 / Allies) TheyCallMeGreat: mhmmm
(10:07 / All) Jok.eR: HAHAHAHHAHA FUCKKIN FAGGOT NOOBS UR LICH IS A BITCH
(10:12 / All) theSean: we lsot
(10:14 / All) theSean: mt team says
(10:19 / Allies) LivingStrong: im joking retard
(10:22 / Allies) LivingStrong: i want u to be upset
(10:22 / Allies) LivingStrong: LOL
(10:27 / All) CrEePiNinYoHoOD: u suck mass hunts faggot
(10:30 / All) theSean: lol
(10:31 / All) theSean: we lost
(10:31 / All) theSean: gg
(10:33 / Allies) theSean: gold
(10:41 / Allies) LivingStrong: share sean
(10:49 / Allies) LivingStrong: ready to go?
(10:52 / Allies) theSean: gold
(10:58 / Allies) theSean: wait for wyrm
(11:00 / Allies) theSean: b up
(11:01 / Allies) LivingStrong: how long
(11:05 / Allies) theSean: 10 secs
(11:08 / Allies) LivingStrong: go now
(11:10 / Allies) LivingStrong: run out
(11:11 / Allies) theSean: go
(11:12 / Allies) LivingStrong: go
(11:13 / Allies) LivingStrong: go
(11:14 / Allies) theSean: go
(11:14 / Allies) theSean: go
(11:17 / All) theSean: ghi
(11:24 / All) theSean: gg
(11:32 / Allies) theSean: am
(11:35 / All) LivingStrong: raped noobs
(11:40 / All) theSean: gtfo
(11:44 / All) TheyCallMeGreat: BAHAHAHAHA
(12:01 / All) LivingStrong: trash
(12:07 / All) theSean: bye
(12:09 / All) theSean: gl in pro1
(12:09 / All) LivingStrong: noobshitsl ike you can go pro1?
(12:18 / All) TheyCallMeGreat: lol why so quiet?
(12:25 / Allies) LivingStrong: go
(12:27 / All) x)1.o-: well i wasnt even taking shit
(12:28 / Allies) LivingStrong: yeah
(12:29 / Allies) LivingStrong: go teal
(12:29 / Allies) LivingStrong: go
(12:30 / Allies) LivingStrong: teal
(12:37 / All) theSean: i am a god
(12:37 / Allies) LivingStrong: teal has nothing
(12:38 / Allies) LivingStrong: rape him
(12:39 / All) theSean: lololol
(12:47 / Allies) LivingStrong: end
(12:51 / All) x)1.o-: and 2 i dont sit on my ass all day massing 3v3 like you kids
(12:53 / All) x)1.o-: peace
(12:56 / All) theSean: lol
(12:57 / All) LivingStrong: LOL
(12:59 / All) TheyCallMeGreat: LOLUMADDDD
(13:00 / All) theSean: im a 2s player
(13:01 / All) LivingStrong: POSTING
(13:02 / All) LivingStrong: LOL
(13:03 / All) theSean: ur just bad